 Dungeon Crawl Stone Soup version 0.28-a0-863-g8cecda6153 (webtiles) character file.

Game seed: 2723611393461261235

72 gigimoi the Firebug (level 4, -6/33 HPs)
             Began as a Draconian Fire Elementalist on Nov 17, 2021.
             Killed by nerve-wracking pain
             ... invoked by Grinder
              (8 damage)
             ... on level 3 of the Dungeon.
             The game lasted 00:10:31 (2992 turns).

gigimoi the Firebug (Draconian Fire Elementalist)   Turns: 2992, Time: 00:10:32

Health: -6/33      AC: 12    Str: 11    XL:     4   Next: 6%
Magic:  1/7        EV: 12    Int: 16    God:
Gold:   89         SH:  0    Dex: 11    Spells: 4/7 levels left

rFire   . . .      SeeInvis .   e - +3 short sword (protect)
rCold   . . .      Faith    .   (no shield)
rNeg    . . .      Spirit   .   (armour unavailable)
rPois   .          Reflect  .   (helmet restricted)
rElec   .          Harm     .   (no cloak)
rCorr   .          Rampage  .   (no gloves)
Will    .....                   (no boots)
Stlth   ++........              (no amulet)
HPRegen 0.11/turn               (no ring)
MPRegen 0.10/turn               (no ring)

@: under a protective aura
A: AC +5, unfitting armour, cold-blooded
a: no special abilities


You were on level 3 of the Dungeon.
You visited 1 branch of the dungeon, and saw 3 of its levels.

You collected 89 gold pieces.

Inventory:

Hand Weapons
 a - a +0 dagger
 e - a +3 short sword of protection (weapon)
 l - a +2 mace of protection
 m - a +1 mace of holy wrath
Jewellery
 i - a ring of poison resistance
Scrolls
 f - a scroll of enchant armour
Potions
 b - a potion of curing {unknown}
 d - a potion of resistance {unknown}
 h - a potion of mutation {unknown}
 j - a potion of attraction {unknown}
 k - a potion of magic {unknown}
 n - a potion of lignification {unknown}


   Skills:
 * Level 2.6 Dodging
 + Level 2.3 Stealth
 + Level 2.4 Spellcasting
 - Level 1.0 Conjurations
 * Level 3.7 Fire Magic


You had 4 spell levels left.
You knew the following spells:

 Your Spells              Type           Power      Damage    Failure   Level
a - Foxfire               Conj/Fire      36%        2x1d5     8%          1
b - Scorch                Fire           28%        2d6       6%          2

Your spell library contained the following spells:

 Spells                   Type           Power      Damage    Failure   Level
 Conjure Flame            Conj/Fire      9%         6-21      22%         3
 Static Discharge         Conj/Air       3%         N/A       24%         2
 Inner Flame              Hex/Fire       8%         N/A       26%         3
 Flame Wave               Conj/Fire      9%         3d4       58%         4
 Lightning Bolt           Conj/Air       1%         1d12      99%         5
 Maxwell's Capacitive Co  Air            0%         ∞         100%        8


Dungeon Overview and Level Annotations

Branches:
Dungeon (3/15)

Altars:

Shops:
D:1 (

Annotations:
D:2 1 runed translucent door, Crazy Yiuf
D:3 Grinder


Innate Abilities, Weirdness & Mutations

Your plain brown scales are hard. (AC +5)
You cannot fit into any form of body armour.
You are cold-blooded and may be slowed by cold attacks.


Message History

You kill the rat!
Grinder barely misses you. Grinder hits you but does no damage.
Casting: Scorch (safe; 6% risk of failure)
Confirm with . or Enter, or press ? or * to list all spells.
You conjure some foxfire!
Grinder gestures at you. Pain shoots through your body!
You hit Grinder.
Grinder is severely wounded.
The foxfire hits Grinder but does no damage.
Grinder is severely wounded.
The foxfire hits Grinder but does no damage.
Grinder is severely wounded.
Grinder barely misses you.
You hit Grinder.
Grinder is severely wounded.
Grinder hits you.
You barely miss Grinder.
Grinder is severely wounded.
Grinder gestures at you.
You suddenly lose the ability to move!
Grinder hits you but does no damage. x2
You can move again.
You hit Grinder.
Grinder is almost dead.
Grinder closely misses you.
You hit Grinder but do no damage.
Your tail-slap misses Grinder.
Grinder is almost dead.
Grinder hits you!
* * * LOW HITPOINT WARNING * * *
You writhe in agony.
* * * LOW HITPOINT WARNING * * *
You hit Grinder.
Grinder is almost dead.
Grinder barely misses you.
You hit Grinder.
Grinder is almost dead.
Grinder gestures at you. Pain shoots through your body!
You die...

,* **,,,,,,,,*,* ,*
*,*******#.# ** *,* #.#
** ##+#* #####.#### ,*
##...#*#........# ,*
*#.....##.###.##.#
,******.......#.#....#<#
,,,,**,........5#.#....#
***,,+,.........@......#
,,,,**,................#
,******..............###
,* *#.....#.##.....# ,*
##...##.#####..# **
##+#*#.# #..# *
*******,* #.#***#..# *
*,,,,,,,* #.,,,,...#
****,****,,**********,*


You could see Grinder.

Vanquished Creatures
  3 adders (D:2)
  2 dart slugs (D:1)
  A bat (D:1)
  3 endoplasms
  2 giant cockroaches (D:1)
  5 goblins
  7 hobgoblins
  A quokka (D:2)
  A ball python (D:1)
  3 frilled lizards (D:2)
  6 kobolds
  5 rats
39 creatures vanquished.

Vanquished Creatures (others)
  166 foxfires
166 creatures vanquished.

Grand Total: 205 creatures vanquished

Notes
Turn   | Place    | Note
-------+----------+-------------------------------------------
     0 | D:1      | gigimoi the Draconian Fire Elementalist began the quest for
                  | the Orb.
     0 | D:1      | Reached XP level 1. HP: 14/14 MP: 3/3
   456 | D:1      | Reached XP level 2. HP: 20/20 MP: 0/5
   936 | D:1      | Found Qiss's Weapon Boutique.
  1120 | D:1      | Learned a level 2 spell: Scorch
  1587 | D:2      | Reached XP level 3. HP: 24/26 MP: 0/6
  2534 | D:2      | Reached XP level 4. HP: 33/33 MP: 0/7
  2691 | D:2      | Found a runed translucent door.
  2692 | D:2      | Noticed Crazy Yiuf
  2969 | D:3      | Noticed Grinder
  2978 | D:3      | Paralysed by Grinder for 3 turns
  2986 | D:3      | Paralysed by Grinder for 3 turns
  2992 | D:3      | Killed from afar by Grinder

Illustrated notes

Levels and vault maps discovered:
D:1:      psy_arrival_conway, layout_rooms, serial_shops,
          nicolae_shop_temple_entry_statues_fountains
D:2:      layout_basic, uniq_crazy_yiuf_cottage
D:3:      layout_loops_corners, shapermc_ecumenical_altar_totnotflames,
          uniq_grinder

Skill      XL: |  1  2 |
---------------+-------+-----
Dodging        | 2 |  2.6
Stealth        | 2 |  2.3
Spellcasting   | |  2.4
Conjurations   | |  1.0
Fire Magic     | |  3.7

Action                   |  1- 3 |  4- 6 || total
-------------------------+-------+-------++-------
Melee: Dagger            |    20 |       ||    20
       Unarmed           |     8 |       ||     8
       Tailslap          |     3 |     1 ||     4
       Short sword       |     3 |     9 ||    12
 Cast: Foxfire           |    87 |     6 ||    93
       Scorch            |     3 |     1 ||     4
  Use: Scroll            |       |     3 ||     3
Armor: Skin              |     6 |     4 ||    10
Dodge: Dodged            |    15 |     6 ||    21

Table legend: (Time is in decaauts)
 A = Elapsed time spent in this place.
 B = Non-inter-level travel time spent in this place.
 C = Inter-level travel time spent in this place.
 D = Time resting spent in this place.
 E = Time spent auto-exploring this place.
 F = Levels seen in this place.
 G = Mean time per level.
                   A        B        C        D        E       F      G
               +--------+--------+--------+--------+--------+-----+--------+
         Total |   3000 |   2900 |    100 |   1589 |    953 |   3 | 1000.0 |
       Dungeon |   3000 |   2900 |    100 |   1589 |    953 |   3 | 1000.0 |
               +--------+--------+--------+--------+--------+-----+--------+

Top non-repeatable levels by time:
     D:1: 1622 daAuts
     D:2: 1343 daAuts
     D:3: 35 daAuts
